Map: Acid Plant LE

Players

FlaSh

  • Race: Protoss Protoss
  • League: Diamond
  • Spawn Location: 11:00

MindGrapes - Winner!

  • Race: Zerg Zerg
  • Spawn Location: 5:00

VOD

Have the link to the VOD?

Description

muta rush into hydra lurker vs toss

Time

  • Played on: June 30, 2018, 6:04 p.m.
  • Length: 20:03
Show
View Real Time Build Order
Export as new Build Order

FlaSh Protoss 

Build Orders: 1 Gate Expand, Double Forge, Oracle Opening, Phoenix Opening, Zealot Archon 

Get SALT Encoding   

  12  0:01  Probe  
  13  0:13  Probe  
  14  0:21  Pylon  
  14  0:25  Probe  
  15  0:36  Probe  
  16  0:43  Gateway  
  16  0:44  Probe  
  16  0:49  Assimilator  
  17  0:53  Probe  
  18  1:05  Probe  
  19  1:17  Probe  
  20  1:25  Nexus  
  20  1:31  Probe  
  21  1:42  Cybernetics Core  
  21  1:45  Assimilator  
  21  1:46  Probe  
  22  1:57  Pylon  
  22  1:58  Probe  
  23  2:15  Probe  
  24  2:18  Adept  
  26  2:22  Stargate  
  26  2:27  Probe  
  27  2:34  Probe  
  27  2:35  Probe  
  27  2:42  Probe  
  27  2:43  Probe  
  29  2:45  Warp Gate  
  29  2:46  Adept  
  33  2:52  Probe  
  33  2:53  Probe  
  33  2:58  Phoenix  
  35  3:04  Probe  
  36  3:05  Probe  
  39  3:15  Pylon  
  39  3:16  Probe  
  39  3:17  Probe  
  41  3:26  Oracle  
  44  3:28  Probe  
  44  3:30  Probe  
  44  3:31  Assimilator  
  46  3:35  Assimilator  
  46  3:40  Probe  
  47  3:42  Probe  
  48  3:50  Shield Battery  
  48  3:51  Robotics Facility  
  48  3:52  Probe  
  48  3:54  Probe  
  50  3:58  Pylon  
  50  4:02  Twilight Council  
  50  4:04  Probe  
  50  4:06  Probe  
  50  4:12  Gateway  
  50  4:16  Probe  
  51  4:22  Probe  
  52  4:26  Pylon  
  52  4:31  Gateway x2  
  52  4:36  Charge  
  52  4:39  Templar Archives  
  52  4:42  Warp Prism  
  54  4:51  Forge  
  54  4:52  Forge  
  54  5:02  Pylon  
  54  5:06  Zealot  
  56  5:18  High Templar  
  58  5:23  Phoenix  
  60  5:30  High Templar  
  62  5:40  Pylon  
  62  5:42  Stalker x2  
  64  5:43  Phoenix  
  64  5:44  Protoss Ground Weapons Level 1  
  64  5:49  Archon  
  67  5:55  Stalker  
  64  6:04  Phoenix  
  59  6:10  Stalker x2  
  59  6:11  Stalker  
  62  6:15  Probe x2  
  62  6:22  Photon Cannon  
  62  6:23  Phoenix  
  62  6:25  Stalker  
  61  6:27  Probe x2  
  65  6:39  Probe  
  65  6:40  Stalker x3, Probe  
  68  6:52  Probe x2  
  59  6:54  Phoenix  
  70  7:04  Probe x2  
  70  7:05  High Templar  
  70  7:07  Zealot x2  
  78  7:15  Zealot  
  78  7:16  Probe x2  
  82  7:28  Probe x2  
  84  7:31  High Templar  
  84  7:36  Archon  
  86  7:43  Protoss Ground Weapons Level 2  
  86  7:44  Protoss Ground Armor Level 1  
  86  7:59  Probe  
  86  8:04  Probe  
  86  8:15  Fleet Beacon  
  86  8:41  Pylon  
  86  8:44  Pylon  
  86  8:45  Pylon  
  86  8:59  Phoenix, Probe x2  
  90  9:03  Anion Pulse-Crystals  
  90  9:06  Protoss Air Weapons Level 1  
  90  9:11  Probe x2  
  92  9:21  Zealot  
  92  9:22  Zealot x3  
  92  9:23  Probe x2  
  102  9:26  Pylon  
  102  9:27  Nexus  
  94  9:31  Pylon  
  94  9:32  Protoss Ground Weapons Level 3  
  94  9:35  Protoss Ground Armor Level 2, Probe x2  
  54  9:50  Phoenix  
  54  9:56  Zealot x4  
  64  10:12  Phoenix  
  64  10:17  High Templar x3  
  64  10:21  High Templar  
  74  10:26  Gateway x2  
  74  10:29  Gateway  
  74  10:31  Gateway, Archon x2  
  74  10:33  Probe x2  
  76  10:39  Pylon  
  76  10:41  Photon Cannon  
  76  10:43  Phoenix  
  76  10:45  Probe x2  
  80  10:50  Zealot  
  80  10:51  Zealot x2  
  80  10:53  Observer  
  87  11:00  Assimilator  
  88  11:04  Probe x3  
  88  11:05  Assimilator  
  90  11:14  Zealot  
  90  11:15  Zealot x3  
  90  11:16  Probe x3  
  101  11:20  Psionic Storm  
  101  11:26  Immortal  
  101  11:28  Probe  
  106  11:35  Protoss Air Weapons Level 2  
  106  11:38  High Templar  
  108  11:41  High Templar, Zealot  
  108  11:42  Zealot  
  108  11:45  Archon  
  114  11:58  Observer  
  114  11:59  Nexus  
  114  12:04  Pylon  
  115  12:18  Observer  
  116  12:23  Zealot  
  116  12:24  Zealot x5  
  116  12:25  Zealot x2  
  132  12:45  Zealot x2  
  132  12:46  Zealot x6  
  142  13:00  Protoss Ground Armor Level 3  
  142  13:01  Protoss Shields Level 1  
  142  13:13  Zealot x4  
  142  13:14  Stalker x4  
  142  13:50  Probe x3  
  142  13:51  High Templar  
  142  13:52  High Templar x7  
  161  13:57  Assimilator, Probe  
  161  14:02  Probe  
  163  14:08  Stargate  
  162  14:24  Stargate  
  161  14:40  Pylon  
  161  14:41  Pylon  
  161  14:42  Pylon  
  161  14:43  Pylon  
  161  14:45  Pylon  
  156  14:50  Immortal  
  156  14:54  Pylon, Assimilator  
  156  14:55  Assimilator  
  146  15:03  Zealot  
  146  15:04  Zealot x3  
  104  15:29  Observer  
  104  15:33  Zealot  
  104  15:34  Zealot x6  
  99  15:36  Archon  
  99  15:39  Zealot  
  97  15:50  Observer  
  98  16:02  Immortal, Zealot x5  
  98  16:03  Zealot x3  
Show
View Real Time Build Order
Export as new Build Order

MindGrapes Zerg - Winner!

Build Orders: Hatch First, Lurkers 

Get SALT Encoding   

  12  0:01  Drone  
  13  0:12  Overlord  
  13  0:17  Drone  
  14  0:30  Drone x2  
  14  0:34  Drone  
  17  0:55  Hatchery  
  16  0:59  Drone  
  16  1:03  Extractor  
  16  1:04  Drone  
  17  1:19  Spawning Pool  
  17  1:23  Drone  
  17  1:27  Drone  
  18  1:34  Drone  
  19  1:41  Drone  
  20  1:50  Drone  
  21  2:00  Overlord  
  21  2:07  Lair  
  21  2:10  Extractor  
  21  2:11  Queen  
  22  2:18  Zergling x4  
  24  2:23  Drone  
  24  2:24  Drone  
  24  2:29  Drone  
  27  2:34  Drone  
  28  2:40  Drone  
  29  2:45  Drone  
  29  2:50  Queen  
  32  2:53  Overlord  
  32  3:01  Drone  
  32  3:02  Drone  
  32  3:04  Drone  
  35  3:13  Spire  
  35  3:15  Drone  
  35  3:21  Drone x2  
  35  3:23  Extractor  
  35  3:25  Drone  
  37  3:27  Drone  
  37  3:31  Drone  
  37  3:32  Drone  
  40  3:43  Drone x2  
  40  3:48  Overlord x2  
  42  3:54  Spore Crawler  
  41  4:06  Overlord x2, Extractor  
  41  4:08  Drone x3  
  43  4:13  Drone  
  44  4:18  Drone x3  
  44  4:22  Spore Crawler  
  44  4:23  Drone x2  
  48  4:31  Mutalisk x2  
  52  4:40  Mutalisk  
  54  4:48  Mutalisk x3  
  60  4:54  Mutalisk  
  60  4:56  Spore Crawler  
  61  5:05  Mutalisk x2  
  65  5:11  Drone x2  
  65  5:13  Overlord x2  
  67  5:33  Mutalisk x3  
  71  5:38  Mutalisk  
  71  5:39  Hatchery  
  72  5:47  Mutalisk  
  72  5:58  Mutalisk  
  74  6:05  Mutalisk  
  72  6:13  Drone x4  
  72  6:16  Overlord x5  
  74  6:22  Hydralisk Den  
  74  6:24  Evolution Chamber  
  74  6:25  Evolution Chamber  
  71  6:27  Mutalisk  
  71  6:31  Drone x3  
  76  6:39  Mutalisk x2  
  78  6:51  Mutalisk  
  78  6:59  Mutalisk  
  80  7:02  Drone x3  
  80  7:03  Drone x7  
  80  7:05  Extractor  
  80  7:07  Mutalisk  
  80  7:08  Extractor  
  90  7:15  Drone x3  
  93  7:17  Queen  
  93  7:20  Mutalisk  
  97  7:25  Drone x2  
  99  7:31  Drone, Lurker Den  
  99  7:38  Metabolic Boost  
  99  7:43  Drone  
  102  7:44  Drone x4  
  102  7:46  Overlord x2  
  102  7:50  Grooved Spines  
  104  8:10  Corruptor  
  104  8:11  Corruptor x2  
  108  8:22  Queen  
  108  8:24  Hydralisk x6  
  122  8:30  Extractor  
  122  8:32  Hatchery  
  122  8:34  Drone x3  
  123  8:35  Drone x3  
  123  8:36  Extractor  
  123  8:40  Drone  
  126  8:47  Zerg Ground Armor Level 1, Zerg Missile Weapons Level 1  
  126  8:53  Hydralisk  
  126  8:54  Hydralisk x2  
  130  8:56  Zergling x8  
  130  8:57  Zergling x4  
  130  9:01  Muscular Augments  
  136  9:08  Hydralisk  
  138  9:11  Overlord x4  
  138  9:26  Overlord x4  
  110  9:40  Hydralisk x8  
  122  9:53  Drone x6  
  122  9:54  Queen x2  
  122  9:55  Queen  
  135  10:00  Lurker x4  
  135  10:01  Lurker  
  139  10:18  Lurker x6  
  145  10:25  Drone x2  
  145  10:26  Drone x10  
  157  10:35  Pneumatized Carapace, Nydus Network  
  156  10:39  Queen  
  158  10:43  Hydralisk  
  158  10:44  Hydralisk x3  
  158  10:47  Overseer  
  166  10:57  Hydralisk x4  
  166  11:00  Zerg Missile Weapons Level 2  
  166  11:03  Drone  
  175  11:20  Hydralisk  
  175  11:21  Hydralisk x9  
  195  11:29  Hatchery  
  195  11:30  Extractor  
  195  11:31  Extractor  
  192  11:33  Overseer x2  
  192  11:38  Drone  
  192  11:39  Drone  
  194  11:40  Hydralisk  
  194  11:41  Hydralisk x2  
  200  11:55  Spine Crawler  
  200  11:56  Spine Crawler  
  200  11:57  Spine Crawler  
  200  11:58  Spine Crawler  
  200  11:59  Spine Crawler x3, Spore Crawler  
  200  12:00  Spine Crawler  
  191  12:14  Nydus Canal, Infestation Pit  
  188  12:51  Nydus Canal  
  170  13:02  Hydralisk x2  
  170  13:03  Hydralisk x20  
  194  13:15  Nydus Canal  
  188  13:21  Hydralisk x7  
  188  13:22  Hydralisk  
  157  13:42  Hydralisk x7  
  157  13:43  Hydralisk x9  
  157  13:46  Lurker  
  157  13:47  Lurker  
  185  14:03  Nydus Canal  
  185  14:06  Lurker  
  185  14:07  Lurker x2  
  188  14:27  Overseer x3  
  184  14:42  Hydralisk x7  
  196  14:47  Overlord x6  
  178  15:08  Overseer x2  
  178  15:10  Lurker x2  
  178  15:11  Lurker x9  
  189  15:14  Zergling x2  
  189  15:15  Zergling x20  
  196  15:21  Hive  
  162  15:31  Hydralisk  
  162  15:32  Hydralisk x12  
  175  15:55  Hydralisk  
  175  15:56  Hydralisk x11  
  191  16:05  Zergling x2  
  191  16:06  Zergling x14  
  187  16:33  Corruptor, Greater Spire  
  187  16:34  Corruptor x5  
  187  17:19  Adaptive Talons  
  187  17:21  Zerg Ground Armor Level 2  
  187  17:22  Zerg Missile Weapons Level 3  
  187  18:10  Adrenal Glands  
  187  18:12  Brood Lord x3  
  187  18:20  Brood Lord  
  187  18:29  Brood Lord x2  
  187  18:59  Spine Crawler  
  187  19:00  Spore Crawler, Hatchery, Extractor x2  
  187  19:01  Spine Crawler, Hatchery  
  187  19:02  Spine Crawler x2, Extractor  
  187  19:03  Spine Crawler, Extractor  
  187  19:06  Spine Crawler  
Tags
 
Add a new tag
Caveats
  • Supply blocks, unpowered buildings, or Contaminate may cause inaccurate times.
  • Supply counts are checked every 10 seconds.